Map: Bridgehead LE (Void)

Players

HzVee - Winner!

  • Race: Protoss Protoss

Heisenberg

  • Race: Zerg Zerg
  • League: Bronze

VOD

Have the link to the VOD?

Description

Time

  • Played on: Oct. 17, 2015, 6:48 a.m.
  • Length: 17:24
Show
View Real Time Build Order
Export as new Build Order

HzVee Protoss - Winner!

Build Orders:  

Get SALT Encoding   

  12  0:02  Probe (Chrono Boost)  
  13  0:13  Probe (Chrono Boost)  
  14  0:21  Pylon  
  14  0:23  Probe (Chrono Boost)  
  15  0:39  Probe (Chrono Boost)  
  15  0:41  Gateway  
  16  0:46  Assimilator  
  17  0:50  Probe (Chrono Boost)  
  17  1:00  Probe (Chrono Boost)  
  18  1:07  Gateway  
  18  1:11  Probe (Chrono Boost)  
  19  1:21  Probe (Chrono Boost)  
  20  1:32  Probe (Chrono Boost), Pylon  
  21  1:37  Cybernetics Core  
  21  1:43  Zealot (Chrono Boost)  
  23  1:56  Assimilator  
  23  2:15  Nexus  
  23  2:17  Pylon  
  23  2:22  Warp Gate (Chrono Boost)  
  23  2:29  Probe  
  24  2:38  Adept  
  24  2:39  Adept  
  28  2:49  Mothership Core  
  30  3:06  Stalker  
  30  3:07  Stalker  
  30  3:11  Probe  
  35  3:20  Pylon  
  35  3:23  Probe  
  36  3:28  Probe  
  37  3:38  Probe  
  37  3:39  Probe  
  39  3:49  Probe  
  39  3:50  Probe  
  41  3:58  Twilight Council  
  41  4:00  Probe  
  42  4:09  Forge, Pylon  
  42  4:10  Probe  
  42  4:14  Stalker  
  42  4:15  Stalker  
  47  4:21  Probe  
  47  4:23  Pylon  
  48  4:29  Assimilator  
  48  4:31  Probe  
  49  4:39  Adept  
  49  4:40  Adept  
  49  4:42  Probe  
  54  4:52  Probe  
  46  5:03  Probe  
  46  5:06  Zealot  
  47  5:13  Probe  
  46  5:18  Stalker  
  46  5:20  Probe  
  50  5:24  Probe  
  51  5:32  Probe  
  51  5:34  Photon Cannon  
  51  5:35  Probe  
  52  5:36  Photon Cannon  
  52  5:40  Resonating Glaives (Chrono Boost)  
  52  5:42  Adept x2  
  55  5:45  Probe  
  58  5:53  Protoss Ground Weapons Level 1  
  58  5:56  Probe  
  58  6:03  Pylon  
  59  6:06  Probe  
  59  6:08  Gateway x2  
  60  6:18  Robotics Facility  
  60  6:45  Nexus  
  60  6:46  Pylon  
  60  6:54  Pylon  
  60  7:09  Stalker x2  
  60  7:10  Stalker x2  
  68  7:25  Probe  
  68  7:26  Assimilator  
  69  7:32  Protoss Shields Level 1  
  69  7:34  Observer (Chrono Boost)  
  70  7:37  Probe  
  71  7:49  Probe, Blink  
  72  7:54  Immortal (Chrono Boost)  
  72  7:56  Probe  
  77  8:01  Stalker  
  79  8:06  Probe  
  80  8:17  Probe  
  81  8:27  Probe  
  81  8:28  Immortal (Chrono Boost)  
  81  8:31  Zealot x3  
  81  8:32  Zealot  
  94  8:38  Probe x2  
  96  8:48  Probe  
  96  8:50  Probe  
  96  8:54  Pylon  
  98  8:58  Pylon  
  98  8:59  Probe  
  98  9:02  Immortal (Chrono Boost), Adept, Probe  
  104  9:03  Adept x3  
  112  9:14  Probe  
  112  9:16  Gateway  
  113  9:19  Gateway  
  113  9:25  Probe  
  113  9:26  Probe  
  113  9:27  Protoss Ground Weapons Level 2  
  113  9:29  Stalker x3  
  121  9:32  Stalker  
  121  9:35  Probe  
  124  9:42  Immortal (Chrono Boost)  
  128  9:46  Probe  
  129  10:09  Nexus  
  129  10:11  Stalker x2, Pylon  
  133  10:20  Pylon  
  133  10:23  Pylon  
  133  10:27  Assimilator  
  133  10:37  Stalker x2  
  133  10:38  Stalker x2  
  139  11:07  Stalker  
  139  11:08  Stalker x3  
  141  11:27  Pylon  
  141  11:29  Immortal (Chrono Boost)  
  145  11:36  Gateway  
  145  11:37  Gateway  
  145  11:40  Protoss Shields Level 2, Assimilator  
  145  11:50  Stalker x3  
  145  11:51  Stalker x3  
  145  11:52  Probe  
  158  12:03  Probe, Immortal (Chrono Boost)  
  163  12:12  Photon Cannon  
  163  12:13  Probe  
  146  12:24  Probe  
  101  12:34  Probe  
  101  12:35  Stalker x2  
  101  12:36  Stalker x4  
  75  12:54  Probe  
  76  13:00  Stalker  
  76  13:01  Stalker x4  
  76  13:02  Stalker  
  76  13:05  Probe, Immortal (Chrono Boost)  
  93  13:15  Probe  
  94  13:24  Gateway x2  
  94  13:26  Probe  
  94  13:29  Photon Cannon  
  94  13:32  Stalker  
  94  13:33  Stalker x4  
  105  13:36  Protoss Ground Weapons Level 3  
  105  13:37  Probe  
  105  13:39  Immortal (Chrono Boost)  
  110  13:48  Probe  
  97  13:57  Stalker x5  
  97  13:58  Stalker  
  101  14:11  Probe  
  95  14:21  Probe  
  90  14:32  Stalker x3, Probe  
  90  14:33  Stalker x2  
  101  14:42  Probe  
  102  14:49  Observer (Chrono Boost)  
  103  14:53  Probe  
  104  15:01  Assimilator  
  104  15:03  Probe  
  106  15:07  Observer (Chrono Boost), Pylon  
  106  15:08  Stalker  
  106  15:09  Stalker x4  
  116  15:14  Probe  
  117  15:27  Stalker  
  117  15:28  Stalker x2  
  123  15:45  Stalker x5  
  133  16:13  Stalker x2  
  133  16:14  Stalker x4  
  133  16:15  Stalker x2  
  125  16:37  Stalker x2  
  129  17:04  Zealot  
  129  17:05  Zealot x4  
  129  17:06  Zealot x2  
  129  17:07  Zealot  
Show
View Real Time Build Order
Export as new Build Order

Heisenberg Zerg 

Build Orders: Hatch First, Lurkers 

Get SALT Encoding   

  12  0:01  Drone  
  13  0:13  Overlord  
  13  0:17  Drone  
  14  0:31  Drone x2  
  16  0:36  Drone  
  17  0:46  Drone  
  18  0:58  Hatchery  
  17  1:09  Spawning Pool  
  16  1:11  Drone  
  16  1:15  Drone  
  16  1:18  Drone  
  19  1:24  Extractor  
  18  1:29  Overlord  
  19  1:40  Drone  
  19  1:50  Drone  
  20  1:58  Queen  
  22  2:02  Zergling x2  
  23  2:10  Queen  
  23  2:11  Drone  
  26  2:15  Zergling x2  
  27  2:24  Drone x2  
  29  2:37  Metabolic Boost  
  29  2:42  Drone  
  29  2:43  Drone  
  31  2:45  Zergling x4  
  33  2:54  Overlord  
  33  3:00  Zergling x2  
  34  3:12  Zergling x10  
  39  3:14  Queen x2  
  39  3:16  Zergling x2  
  44  3:21  Overlord  
  44  3:22  Overlord  
  44  3:28  Extractor  
  44  3:33  Roach Warren  
  42  3:36  Zergling x4  
  42  3:40  Overlord  
  44  3:47  Zergling x2  
  44  3:48  Zergling x4  
  46  3:49  Zergling x2  
  48  3:57  Drone  
  48  3:58  Drone x2  
  48  4:02  Drone x2  
  53  4:05  Drone  
  54  4:24  Lair  
  54  4:28  Roach  
  54  4:29  Roach x3  
  54  4:30  Roach  
  63  4:39  Overlord x2  
  53  5:05  Roach  
  53  5:06  Roach x7  
  63  5:20  Evolution Chamber  
  62  5:25  Hydralisk Den  
  62  5:27  Roach x4  
  69  5:36  Glial Reconstitution  
  69  5:43  Roach  
  69  5:45  Zergling x8  
  75  5:56  Drone  
  78  5:57  Drone x3  
  78  6:00  Drone  
  78  6:01  Drone  
  78  6:04  Drone  
  82  6:06  Extractor  
  81  6:12  Drone  
  82  6:23  Zerg Ground Armor Level 1  
  82  6:26  Overlord  
  82  7:01  Hatchery  
  82  7:03  Overlord x2  
  82  7:08  Overlord x2  
  81  7:24  Overlord  
  81  7:26  Roach  
  81  7:27  Roach x12  
  107  7:58  Lurker Den  
  107  8:01  Overlord  
  107  8:02  Hydralisk x2  
  107  8:03  Hydralisk x2  
  115  8:18  Zerg Missile Weapons Level 1  
  115  8:22  Drone x3  
  115  8:23  Drone x2  
  120  8:29  Extractor  
  120  8:31  Drone x2  
  120  8:33  Zergling x2  
  120  8:34  Zergling x10  
  127  9:03  Drone x3  
  127  9:04  Overlord  
  127  9:05  Overlord x2  
  130  9:31  Lurker x3  
  130  9:32  Lurker  
  134  9:41  Spire  
  133  9:48  Infestation Pit  
  132  10:17  Hydralisk x4  
  132  10:18  Hydralisk  
  142  10:25  Drone, Extractor  
  142  10:26  Drone x7, Extractor  
  148  10:28  Overlord x2  
  148  10:29  Overlord, Infestor x2  
  125  11:13  Overseer  
  125  11:17  Mutalisk x2  
  125  11:18  Mutalisk x3  
  135  11:34  Zergling x10  
  135  11:35  Zergling x34  
  157  11:49  Hatchery  
  156  12:07  Infestor  
  156  12:08  Infestor x2  
  102  12:47  Mutalisk x2  
  102  12:48  Mutalisk x7  
  120  13:02  Zergling x2  
  120  13:03  Zergling x36  
  120  13:04  Zergling x10  
  144  13:16  Hive  
  144  13:24  Drone x2  
  144  13:26  Overlord x2  
  105  14:10  Roach x2  
  105  14:11  Roach x15  
  110  14:45  Zerg Ground Armor Level 2, Ultralisk Cavern  
  109  14:53  Evolution Chamber  
  109  14:59  Adrenal Glands  
  108  15:10  Extractor  
  108  15:12  Extractor  
  106  15:14  Drone x3  
  106  15:15  Drone x4  
  106  15:21  Roach x11  
  115  15:22  Roach x4  
  143  15:34  Chitinous Plating  
  143  15:48  Drone  
  143  15:49  Drone x2  
  146  15:52  Ultralisk  
  150  16:04  Ultralisk  
  78  16:26  Ultralisk  
  78  16:27  Ultralisk  
Tags
 
Composition
Lurkers
League
Bronze
Matchup
PvZ
Replay Pack
HzVee P1
Add a new tag
Caveats
  • Supply blocks, unpowered buildings, or Contaminate may cause inaccurate times.
  • Supply counts are checked every 10 seconds.